 Dungeon Crawl Stone Soup version 0.18.0-1-g0107ab7 (webtiles) character file.

17340 varam the Geomancer (level 12, 0/79 HPs)
             Began as a Gargoyle Earth Elementalist on May 5, 2016.
             Was a High Priest of Vehumet.
             Slain by an unseen horror (1 damage)
             ... on level 11 of the Dungeon.
             The game lasted 01:24:28 (20502 turns).

varam the Geomancer (Gargoyle Earth Elementalist)  Turns: 20502, Time: 01:24:29

Health: 0/79       AC: 20    Str: 13    XL:     12   Next: 47%
Magic:  14/25      EV: 16    Int: 20    God:    Vehumet [*****.]
Gold:   338        SH:  0    Dex: 10    Spells: 4 memorised, 15 levels left

rFire  . . .     SeeInvis .     O - +1 whip (drain)
rCold  . . .     Gourm    .     a - +0 robe
rNeg   + . .     Faith    .     (no shield)
rPois  ∞         Spirit   .     (no helmet)
rElec  +         Dismiss  .     u - +0 cloak
rCorr  .         Reflect  .     i - +2 pair of gloves
SustAt .         Harm     .     (no boots)
MR     .....                    (no amulet)
Stlth  ++........               o - +6 ring of protection
                                H - +4 ring of evasion

@: not resistant to hostile enchantments, unstealthy
A: negative energy resistance 1, electricity resistance, unbreathing,
petrification resistance, rot immunity, AC +8
a: Renounce Religion


You were on level 11 of the Dungeon.
You worshipped Vehumet.
Vehumet was extremely pleased with you.
You were hungry.

You visited 2 branches of the dungeon, and saw 13 of its levels.
You also visited: Sewer and Ice Cave.

You collected 730 gold pieces.
You spent 392 gold pieces at shops.

Inventory:

Hand Weapons
 L - a +0 whip of flaming
 O - a +1 whip of draining (weapon)
Armour
 a - a +0 robe (worn)
 i - a +2 pair of gloves (worn)
 u - a +0 cloak (worn)
Magical Staves
 Z - an uncursed staff of wizardry
Jewellery
 o - a +6 ring of protection (right hand)
 p - an uncursed ring of protection from cold
 B - an uncursed ring of stealth
 C - an uncursed ring of resist corrosion
 H - a +4 ring of evasion (left hand)
Wands
 l - a wand of teleportation (3/9)
 y - a wand of slowing (30/48)
 z - a wand of teleportation (5/9)
 A - a wand of enslavement (10/24)
 D - a wand of iceblast (6/15)
 E - a wand of confusion (15/48)
 G - a wand of digging (12/24)
 N - a wand of disintegration (17/24)
 P - a wand of lightning (5/15)
 T - a wand of confusion (26/48)
 Y - a wand of acid (7/15)
Scrolls
 g - 4 scrolls of teleportation
 n - 4 scrolls of recharging
 r - a scroll of fog
 s - a scroll of amnesia
 w - 4 scrolls of remove curse
 I - a scroll of fear
 K - a scroll of blinking {unknown}
 V - 5 scrolls of identify
 X - 2 scrolls of enchant armour {unknown}
Potions
 e - 3 potions of invisibility
 f - 11 potions of curing
 h - 6 potions of brilliance
 k - 2 potions of flight
 m - 4 potions of heal wounds
 t - a potion of magic
 F - a potion of cure mutation {unknown}
 M - a potion of cancellation {unknown}
 Q - a potion of degeneration {unknown}
 R - a potion of agility
 S - a potion of might
 U - a potion of berserk rage {unknown}
 W - 2 potions of mutation {unknown}
Books
 c - a book of Geomancy

   Spells                             Type                      Level
   a - Sandblast                      Earth                        1
   b - Passwall                       Transmutation/Earth          2
   c - Stone Arrow                    Conjuration/Earth            3
   d - Petrify                        Transmutation/Earth          4
   e - Lee's Rapid Deconstruction     Earth                        5
 v - a book of Changes

   Spells                             Type                      Level
   a - Beastly Appendage              Transmutation                1
   b - Sticks to Snakes               Transmutation                2
   c - Spider Form                    Transmutation/Poison         3
   d - Ice Form                       Ice/Transmutation            4
   e - Blade Hands                    Transmutation                5
Comestibles
 b - a beef jerky
 d - 3 chunks of flesh
 j - 6 meat rations
 x - 9 fruits
 J - 2 royal jellies


   Skills:
 + Level 10.6 Fighting
 + Level 7.7 Maces & Flails
 + Level 3.0 Dodging
 - Level 3.3 Stealth
 * Level 9.8 Spellcasting
 + Level 4.2 Conjurations
   Level 0.7 Transmutations
 + Level 12.4 Earth Magic
 + Level 2.2 Evocations


You had 15 spell levels left.
You knew the following spells:

 Your Spells              Type           Power        Failure   Level  Hunger
a - Sandblast             Erth           ######       1%          1    None
b - Lee's Rapid Deconstr  Erth           ######....   1%          5    #####..
c - Stone Arrow           Conj/Erth      #####.       1%          3    None
d - Iron Shot             Conj/Erth      #####.....   11%         6    ######.


Dungeon Overview and Level Annotations

Branches:
Dungeon (11/15)            Temple (0/1) D:4            Lair (2/8) D:11
    Orc (0/2) D:9

Altars:
Cheibriados
Fedhas
Makhleb
Nemelex Xobeh
Pakellas
Ru
Vehumet
Zin
The Shining One

Shops:
D:9 !   D:11 (

Annotations:
D:10 George's ghost, journeyman DsGl


Innate Abilities, Weirdness & Mutations

You are resistant to torment.
Your stone body is resilient (AC +8).
You are immune to poison.
You resist negative energy.
You are resistant to electric shocks.
You can survive without breathing.
You are immune to petrification.
You are immune to rotting.


Message History

Something hits you but does no damage. Something hits you.
* * * LOW HITPOINT WARNING * * *
You see here an arrow.
Something hits you but does no damage. Something closely misses you.
Something barely misses you. Something barely misses you. Something hits you.
* * * LOW HITPOINT WARNING * * *
The polar bear growls angrily.
Something hits you.
* * * LOW HITPOINT WARNING * * *
You hit something but do no damage. Something barely misses you.
Something hits you but does no damage.
You closely miss something. Something barely misses you. Something hits you.
* * * LOW HITPOINT WARNING * * *
You barely miss something. Something hits you but does no damage.
You hit something. Something closely misses you.
Something hits you but does no damage. x2
You hit something. Something hits you.
You die...

..........##.(........
##########'##############
.........................
...........(..###........
#............# #........
#.....####...# #........
#..... #...###........
##....h####..............
........@.....((.......<.
#########################


You could see a polar bear.

Vanquished Creatures
  Erolcha (D:8)
  Erica (D:9)
  An unseen horror (D:11)
  2 hill giants (D:11)
  A black mamba (Lair:2)
  A spiny frog (Lair:1)
  A polar bear (D:11)
  A troll (D:11)
  A two-headed ogre (D:8)
  28 yaks
  A wyvern (D:11)
  The ghost of Shenda the Changer, an amateur DrTm (D:4)
  Eustachio (D:4)
  2 steam dragons
  3 hippogriffs
  Edmund (D:5)
  A water moccasin (Lair:2)
  10 ice beasts
  7 orc warriors
  4 sky beasts
  2 wasps
  A phantom (D:4)
  4 ogres
  2 black bears (D:8)
  13 wolves
  10 centaurs
  4 crocodiles
  5 giant frogs
  A big kobold (D:9)
  A scorpion (D:8)
  4 wights (D:7)
  5 howler monkeys
  3 electric eels (D:11)
  6 crimson imps
  2 centaur zombies
  A quasit (D:7)
  2 giant frog zombies
  4 jellies
  A centaur skeleton (D:10)
  10 hounds
  4 orc priests
  Jessica (D:2)
  3 iguanas
  4 orc wizards
  13 worker ants
  A killer bee zombie (D:7)
  A howler monkey zombie (D:7)
  A worker ant zombie (D:8)
  7 gnolls
  A howler monkey skeleton (D:8)
  10 adders
  6 river rats (Lair:1)
  A shadow imp (D:10)
  2 oozes
  An adder zombie (D:7)
  2 adder skeletons
  3 worms
  4 dart slugs
  7 giant geckos
  37 orcs
  2 ball pythons
  9 bats
  9 giant cockroaches
  9 hobgoblins
  13 jackals
  28 kobolds
  5 quokkas
  2 giant gecko skeletons
  3 giant newts
  11 goblins
  2 goblin skeletons (D:5)
  A goblin zombie (D:5)
  A hobgoblin zombie (D:5)
  A jackal skeleton (D:6)
  An orc skeleton (D:5)
  2 orc zombies (D:5)
  A quokka zombie (D:9)
  9 rats
368 creatures vanquished.

Vanquished Creatures (others)
  An ooze (D:2)
  A fungus (Lair:2)
  A plant (Lair:2)
3 creatures vanquished.

Grand Total: 371 creatures vanquished

Notes
Turn   | Place    | Note
--------------------------------------------------------------
     0 | D:1      | varam the Gargoyle Earth Elementalist began the quest for the Orb.
     0 | D:1      | Reached XP level 1. HP: 10/10 MP: 3/3
   239 | D:1      | Found a sparkling altar of Nemelex Xobeh.
   288 | D:1      | Reached skill level 4 in Earth Magic
   310 | D:1      | Reached XP level 2. HP: 15/15 MP: 0/5
   782 | D:2      | Reached XP level 3. HP: 19/19 MP: 2/6
  1223 | D:2      | Noticed Jessica
  1228 | D:2      | Killed Jessica
  1228 | D:2      | Reached skill level 5 in Earth Magic
  1283 | D:2      | Reached XP level 4. HP: 16/24 MP: 2/8
  1498 | D:2      | Found a radiant altar of Vehumet.
  2247 | D:2      | Became a worshipper of Vehumet
  2428 | D:2      | Learned a level 3 spell: Stone Arrow
  3551 | D:3      | Reached XP level 5. HP: 28/28 MP: 2/9
  3852 | D:3      | Reached skill level 1 in Fighting
  3863 | D:3      | Reached * piety under Vehumet
  3863 | D:3      | Offered knowledge of Freeze by Vehumet.
  4200 | D:3      | HP: 1/29 [orc priest/divine providence (12)]
  4245 | D:2      | HP: 1/29 [giant cockroach (2)]
  5350 | D:4      | Noticed an ogre
  5362 | D:4      | Killed an ogre
  5362 | D:4      | Reached skill level 6 in Earth Magic
  5362 | D:4      | Reached XP level 6. HP: 34/34 MP: 6/12
  5673 | D:4      | Found a sacrificial altar of Ru.
  5702 | D:4      | Found a staircase to the Ecumenical Temple.
  5942 | D:4      | Found a blossoming altar of Fedhas.
  5942 | D:4      | Noticed Eustachio
  6020 | D:4      | Killed Eustachio
  6020 | D:4      | Reached skill level 7 in Earth Magic
  6020 | D:4      | Reached XP level 7. HP: 34/38 MP: 1/14
  6139 | D:4      | Noticed Shenda's ghost (amateur DrTm)
  6172 | D:4      | Killed Shenda's ghost
  6172 | D:4      | Reached skill level 5 in Spellcasting
  6837 | D:5      | Entered Level 5 of the Dungeon
  7095 | D:5      | Noticed Edmund
  7296 | D:5      | Found a sparkling altar of Nemelex Xobeh.
  7324 | D:5      | Reached skill level 8 in Earth Magic
  7393 | D:5      | Killed Edmund
  7393 | D:5      | Reached XP level 8. HP: 43/43 MP: 6/16
  7692 | D:5      | Found a glowing golden altar of the Shining One.
  7895 | D:5      | Offered knowledge of Throw Flame by Vehumet.
  7920 | D:5      | Reached ** piety under Vehumet
  7986 | D:5      | Found a burning altar of Makhleb.
  8341 | D:6      | Reached skill level 9 in Earth Magic
  8564 | D:6      | Found a glowing drain.
  8589 | Sewer    | Entered a sewer
  9136 | D:6      | Reached skill level 10 in Earth Magic
  9136 | D:6      | Reached XP level 9. HP: 38/47 MP: 3/20
  9398 | D:7      | Offered knowledge of Conjure Flame by Vehumet.
  9905 | D:7      | Reached *** piety under Vehumet
 10487 | D:8      | Reached skill level 5 in Fighting
 10562 | D:7      | Offered knowledge of Mephitic Cloud by Vehumet.
 11286 | D:8      | Reached skill level 1 in Maces & Flails
 11320 | D:7      | Reached XP level 10. HP: 31/63 MP: 2/21
 12149 | D:8      | Noticed Erolcha
 12510 | D:8      | Learned a level 5 spell: Lee's Rapid Deconstruction
 12671 | D:8      | Found an oddly glowing altar of Pakellas.
 12748 | D:8      | Found a snail-covered altar of Cheibriados.
 12874 | D:8      | Killed Erolcha
 12874 | D:8      | Reached skill level 11 in Earth Magic
 13025 | D:9      | Reached **** piety under Vehumet
 13173 | D:9      | Offered knowledge of Fulminant Prism by Vehumet.
 13216 | D:9      | Found a staircase to the Orcish Mines.
 13552 | D:9      | Found a glowing silver altar of Zin.
 13553 | D:9      | Noticed an angel
 13597 | D:9      | Noticed Erica
 13605 | D:9      | Killed Erica
 13813 | D:9      | Reached skill level 5 in Maces & Flails
 13972 | D:9      | Reached XP level 11. HP: 58/69 MP: 12/23
 14105 | D:9      | Found Anopn's Distillery.
 14116 | D:9      | Bought a potion of heal wounds for 70 gold pieces
 14116 | D:9      | Bought a potion of curing for 42 gold pieces
 14116 | D:9      | Bought a potion of brilliance for 56 gold pieces
 14116 | D:9      | Bought a potion of agility for 56 gold pieces
 14116 | D:9      | Bought a potion of might for 56 gold pieces
 14531 | D:10     | Entered Level 10 of the Dungeon
 15272 | D:10     | Noticed George's ghost (journeyman DsGl)
 16427 | D:11     | Found a staircase to the Lair.
 16517 | D:11     | Found a frozen archway.
 16609 | D:11     | Reached skill level 12 in Earth Magic
 16648 | IceCv    | Entered an ice cave
 16664 | IceCv    | Reached skill level 1 in Conjurations
 17638 | D:11     | Noticed a hill giant
 17655 | D:11     | Killed a hill giant
 18250 | D:9      | Reached ***** piety under Vehumet
 18254 | D:9      | Offered knowledge of Iron Shot by Vehumet.
 18334 | D:11     | Reached skill level 10 in Fighting
 18742 | D:11     | Noticed a hill giant
 18745 | D:11     | Killed a hill giant
 18753 | D:11     | Learned a level 6 spell: Iron Shot
 18795 | D:11     | Found Duxi's Antique Weapon Shoppe.
 18812 | D:11     | Bought a glowing broad axe for 112 gold pieces
 18982 | D:11     | Killed an unseen horror
 19075 | Lair:1   | Entered Level 1 of the Lair of Beasts
 19079 | Lair:1   | Reached XP level 12. HP: 33/78 MP: 7/25
 19294 | Lair:1   | You fall through a shaft!
 19329 | Lair:2   | Reached skill level 1 in Evocations
 20230 | Lair:1   | Noticed a five-headed hydra
 20498 | D:11     | HP: 1/79 [something (6)]
 20502 | D:11     | Slain by an unseen horror

Skill      XL: |  1  2  3  4  5  6  7  8  9 10 11 12 |
---------------+-------------------------------------+-----
Earth Magic    | 4 5 6 7 8 10 11 12 | 12.4
Spellcasting   | 3 4 5 7 8 9 |  9.8
Fighting       | 1 7 8 10 | 10.6
Maces & Flails | 1 5 7 |  7.7
Stealth        | 3 |  3.3
Conjurations   | 3 4 |  4.2
Dodging        | 2 3 |  3.0
Evocations     | 2 |  2.2
Transmutations | |  0.7

Action                   |  1- 3 |  4- 6 |  7- 9 | 10-12 || total
-------------------------+-------+-------+-------+-------++-------
Melee: Spear             |     2 |    89 |       |       ||    91
       Whip              |       |       |    20 |   366 ||   386
       Trident           |       |       |       |     8 ||     8
 Cast: Sandblast         |    36 |   130 |   131 |    27 ||   324
       Stone Arrow       |       |    27 |    92 |   345 ||   464
       Lee's Rapid Decon |       |       |       |     3 ||     3
       Iron Shot         |       |       |       |    14 ||    14
Evoke: Wand              |       |       |       |     5 ||     5
  Use: Scroll            |     3 |     7 |       |     4 ||    14
 Stab: Sleeping          |     1 |       |       |       ||     1
  Eat: Chunk             |     1 |    11 |     9 |    15 ||    36
       Meat ration       |       |     1 |       |       ||     1
       Bread ration      |       |     1 |     1 |     3 ||     5
       Pizza             |       |       |     1 |     2 ||     3
       Beef jerky        |       |       |       |     1 ||     1
       Fruit             |       |       |       |     2 ||     2
Armor: Robe              |     8 |    79 |    55 |   417 ||   559
Dodge: Dodged            |    23 |   127 |    68 |   601 ||   819
